 Dungeon Crawl Stone Soup version 0.29.0-4-gdea44cf6ec (webtiles) character file.

Game seed: 10693827880117409295

9 qw the Sneak (level 2, -4/19 HPs)
             Began as a Gargoyle Delver on Sept 10, 2022.
             Slain by a kobold
             ... wielding a +0 whip
              (5 damage)
             ... on level 4 of the Dungeon.
             The game lasted 00:00:02 (33 turns).

qw the Sneak (Gargoyle Delver)                        Turns: 33, Time: 00:00:02

Health: -4/19      AC:  5    Str: 15    XL:     2   Next: 12%
Magic:  2/2        EV: 11    Int: 10    God:
Gold:   4          SH:  0    Dex: 11    Spells: 1/1 levels left

rFire   . . .      SeeInvis .   a - +0 hand axe
rCold   . . .      Faith    .   (no shield)
rNeg    + . .      Spirit   .   b - +0 leather armour
rPois   inf        Reflect  .   (no helmet)
rElec   +          Harm     .   (no cloak)
rCorr   .          Rampage  .   (no gloves)
Will    .....                   (no boots)
Stlth   +++.......              (no amulet)
HPRegen 0.06/turn               (no ring)
MPRegen 0.08/turn               (no ring)

@: no status effects
A: sickness immunity, AC +2, negative energy resistance 1, electricity
resistance, torment resistance 1, petrification resistance
a: no special abilities


You were on level 4 of the Dungeon.
You visited 1 branch of the dungeon, and saw 2 of its levels.

You collected 4 gold pieces.


Innate Abilities, Weirdness & Mutations

You are immune to sickness and miasma.
Your stone body is resilient. (AC +2)
You are immune to poison.
You resist negative energy. (rN+)
You are resistant to electric shocks. (rElec)
You are resistant to unholy torment.
You are immune to petrification.


   Skills:
 - Level 3.2 Fighting
 + Level 2.5 Axes
 - Level 1.5 Dodging
 - Level 5.4 Stealth


You had one spell level left.
You didn't know any spells.
Your spell library was empty.

Inventory:

Hand Weapons
 a - a +0 hand axe (weapon)
Armour
 b - a +0 leather armour (worn)
Wands
 g - a wand of digging (3)
Potions
 f - a potion of haste

Dungeon Overview and Level Annotations

Branches:
Dungeon (5/15)
 Temple: D:4-7

Altars:


Message History

(2) D:5 Assign waypoint to what number? (0-9, D - delete waypoint) Waypoint 1 assigned to D:4.
Enter note: An adder comes into view.
You closely miss the kobold. The kobold barely misses you.
You miss the adder. You closely miss the kobold. The adder closely misses you.
The kobold hits you with a +0 whip.
You closely miss the adder. You hit the kobold but do no damage.
The adder bites you. The kobold hits you with a +0 whip. The adder bites you.
You completely miss the adder. You hit the kobold but do no damage.
The adder closely misses you. The kobold hits you but does no damage.
You slash the adder!
The adder is severely wounded.
You hit the kobold. The adder bites you but does no damage.
The kobold misses you. The adder barely misses you.
The kobold closely misses you.
You closely miss the adder.
The adder is severely wounded.
You closely miss the kobold. The adder bites you but does no damage.
The kobold hits you with a +0 whip. The adder bites you but does no damage.
You miss the adder.
The adder is severely wounded.
You hit the kobold but do no damage. The adder barely misses you.
The kobold hits you but does no damage.
You closely miss the adder.
The adder is severely wounded.
You closely miss the kobold. The adder bites you. The kobold misses you.
The adder completely misses you.
You hit the adder.
You kill the adder!
You hit the kobold. The kobold closely misses you.
The kobold hits you with a +0 whip.
Your Axes skill increases to level 2!
You have reached level 2!
You hit the kobold but do no damage.
The kobold is severely wounded.
The kobold hits you with a +0 whip.
You die...

# . . .#..
...## .....
......###......
.......@.......
.......K...#.##
...............
..........##.##
..........# .#
####.#....# #
#.......
###....#.


You could see a kobold.

Vanquished Creatures
  An adder (D:4)
1 creature vanquished.

Notes
Turn   | Place    | Note
-------+----------+-------------------------------------------
     0 | D:5      | qw the Gargoyle Delver began the quest for the Orb.
     0 | D:5      | Reached XP level 1. HP: 14/14 MP: 1/1
     0 | D:5      | 0 ||| qw: Version: 0.1-a-116-g5d60599
     0 | D:5      | 0 ||| qw: Game counter: 9266
     0 | D:5      | 0 ||| qw: Always use a shield: true
     0 | D:5      | 0 ||| qw: God list: Okawaru
     0 | D:5      | 0 ||| qw: Allow faded altars: false
     0 | D:5      | 0 ||| qw: Do Orc after D:15 true
     0 | D:5      | 0 ||| qw: Do second Lair branch before Depths: true
     0 | D:5      | 0 ||| qw: Lair rune preference: random
     0 | D:5      | 0 ||| qw: Plans: Normal
     0 | D:5      | 0 ||| PLANNING D:1-11
     8 | D:5      | 8 ||| DROPPING scroll of fog.
     9 | D:5      | 9 ||| DROPPING scroll of magic mapping.
    10 | D:5      | 10 ||| DROPPING scroll of fear.
    31 | D:4      | HP: 3/14 [adder (4)]
    32 | D:4      | HP: 1/14 [kobold/+0 whip (2)]
    33 | D:4      | Reached XP level 2. HP: 1/19 MP: 2/2
    33 | D:4      | Slain by a kobold

Levels and vault maps discovered:
D:4:      layout_rooms, minmay_temple_entry_overgrown, serial_shops,
          nicolae_shop_hallway_stairs, st_stairs_7, uniq_crazy_yiuf_cottage
D:5:      layout_loops_ring, mainiacjoe_overflow_two_lobes,
          nicolae_overflow_quartered_altars, uniq_duvessa

Skill      XL: |  1 |
---------------+----+-----
Axes           | 2 |  2.5
Fighting       | |  3.2
Dodging        | |  1.5
Stealth        | |  5.4

Action                   || total
-------------------------++-------
Melee: Hand axe          ||    10
Armor: Leather armour    ||     5
Dodge: Dodged            ||    10

Table legend:
 A = Non-vault XP
 B = Vault XP
 C = Vault XP percentage of total XP
 D = Non-vault monster count
 E = Vault monster count
 F = Vault count percentage of total count
                 A         B        C        D         E       F
            +---------+---------+-------+---------+---------+-------
      Total |      13 |       0 |   0.0 |       1 |       0 |   0.0
            +---------+---------+-------+---------+---------+-------
        D:4 |      13 |       0 |   0.0 |       1 |       0 |   0.0
            +---------+---------+-------+---------+---------+-------
